 Dungeon Crawl Stone Soup version 0.26-a0-651-gb41185065b (webtiles) character file.

Game seed: 17834745034903533332

62 kae the Ruffian (level 3, 0/26 HPs)
             Began as a Draconian Transmuter on Oct 7, 2020.
             Succumbed to an adder's poison
             ... on level 3 of the Dungeon.
             The game lasted 00:01:38 (2303 turns).

kae the Ruffian (Draconian Transmuter)              Turns: 2303, Time: 00:01:39

Health: 0/26       AC:  5    Str: 13    XL:     3   Next: 85%
Magic:  6/6        EV: 12    Int: 13    God:
Gold:   116        SH:  0    Dex: 13    Spells: 0/6 levels left

rFire    . . .     SeeInvis .   g - +0 whip
rCold    . . .     Faith    .   (no shield)
rNeg     . . .     Spirit   .   (armour unavailable)
rPois    .         Reflect  .   (helmet restricted)
rElec    .         Harm     .   (no cloak)
rCorr    .         Rampage  .   (no gloves)
MR       .....                  (no boots)
Stlth    +.........             (no amulet)
HPRegen  0.08/turn              (no ring)
MPRegen  0.10/turn              (no ring)

@: brilliant, lethally poisoned (0 -> -5)
A: unfitting armour, agile 1, frail 1, evolution 1, cold-blooded, AC +5
a: no special abilities


You were on level 3 of the Dungeon.
You visited 1 branch of the dungeon, and saw 3 of its levels.

You collected 116 gold pieces.

Inventory:

Hand Weapons
 g - a +0 whip (weapon)
Scrolls
 c - a scroll of enchant weapon {unknown}
 d - 2 scrolls of remove curse


   Skills:
 + Level 2.2 Fighting
 - Level 1.7 Dodging
 * Level 4.0 Unarmed Combat
 - Level 2.0 Spellcasting
 + Level 2.6 Transmutations


You couldn't memorise any spells.
You knew the following spells:

 Your Spells              Type           Power        Failure   Level
a - Beastly Appendage     Tmut           ##....       9%          1
b - Wereblood             Tmut           ##......     13%         2
c - Spider Form           Tmut/Pois      #.........   41%         3

Your spell library contained the following spells:

 Spells                   Type           Power        Failure   Level
 Ice Form                 Ice/Tmut       #.......     83%         4
 Blade Hands              Tmut           ##........   94%         5


Dungeon Overview and Level Annotations

Branches:
Dungeon (3/15)

Altars:
Dithmenos
Trog


Innate Abilities, Weirdness & Mutations

Your plain brown scales are hard. (AC +5)
You cannot fit into any form of body armour.
You are cold-blooded and may be slowed by cold attacks.
You are agile. (Dex +2)
You are frail. (-10% HP)
You evolve.


Message History

The adder bites you but does no damage.
You hit the adder.
You kill the adder!
Your Unarmed Combat skill increases to level 4!
* * * LOW HITPOINT WARNING * * *
You feel sick.
You cannot move.
You cannot move.
There is a lethal amount of poison in your body!
There is a lethal amount of poison in your body!
You feel more clever all of a sudden.
* * * LOW HITPOINT WARNING * * *
You feel sick.
There is a lethal amount of poison in your body!
There is a lethal amount of poison in your body!
There is a lethal amount of poison in your body!
* * * LOW HITPOINT WARNING * * *
You feel sick.
You feel less wooden.
You die...

#......##....
#...._..#.#.# ###
#.....#.#.#.### ...
#######...#.... #
#.#############..#....
..#........#.........†..
..<........#.......†.###
...........#......>..#
......†@...#(........#
.#.........)#....#.#..#
#..........#.##.#.#..#
............#.#.......#
...........##.#.......#
...........##.#......##
...........# .#
.?.........# .#
.#########


There were no monsters in sight!

Vanquished Creatures
  3 adders (D:3)
  4 leopard geckos
  3 giant cockroaches
  5 hobgoblins
  5 kobolds
  A quokka (D:3)
  2 ball pythons
  A bat (D:2)
  3 frilled lizards
  2 goblins
  2 rats
31 creatures vanquished.

Notes
Turn   | Place    | Note
-------+----------+-------------------------------------------
     0 | D:1      | kae the Draconian Transmuter began the quest for the Orb.
     0 | D:1      | Reached XP level 1. HP: 16/16 MP: 3/3
   309 | D:1      | Reached XP level 2. HP: 23/23 MP: 3/5
   318 | D:1      | Learned a level 2 spell: Wereblood
  1326 | D:2      | Found a bloodstained altar of Trog.
  1939 | D:3      | Reached XP level 3. HP: 25/29 MP: 6/6
  2176 | D:3      | Found a shadowy altar of Dithmenos.
  2223 | D:3      | Learned a level 3 spell: Spider Form
  2274 | D:3      | Gained mutation: You are frail. (-10% HP) [potion of
                  | mutation]
  2274 | D:3      | Gained mutation: You evolve. [potion of mutation]
  2274 | D:3      | Gained mutation: You are agile. (Dex +2) [potion of
                  | mutation]
  2297 | D:3      | Reached skill level 4 in Unarmed Combat
  2300 | D:3      | HP: 1/39 [poisoned by an adder]
  2303 | D:3      | Succumbed to an adder's poison

Illustrated notes

Levels and vault maps discovered:
D:1:      ebering_hopf_link, layout_loops_ring, st_stairs_12
D:2:      layout_loops_ring, lemuel_coloured_pillars_altar
D:3:      layout_basic, old_standard_altar, overflow_temple_1_default,
          zin_scriptorium, overflow_temple_1_default, nicolae_ru_path_of_blood,
          uniq_ijyb

Skill      XL: |  1  2  3 |
---------------+----------+-----
Fighting       | 2 |  2.2
Unarmed Combat | 4 |  4.0
Dodging        | |  1.7
Spellcasting   | |  2.0
Transmutations | |  2.6

Action                   || total
-------------------------++-------
Melee: Unarmed           ||    31
       Kick              ||    12
       Headbutt          ||     8
       Tailslap          ||     8
       Whip              ||    95
 Cast: Beastly Appendage ||    19
  Use: Scroll            ||     4
       Potion            ||     5
Armor: Skin              ||    60
Dodge: Dodged            ||    72

Table legend: (Time is in decaauts)
 A = Elapsed time spent in this place.
 B = Non-inter-level travel time spent in this place.
 C = Inter-level travel time spent in this place.
 D = Time resting spent in this place.
 E = Time spent auto-exploring this place.
 F = Levels seen in this place.
 G = Mean time per level.
                   A        B        C        D        E       F      G
               +--------+--------+--------+--------+--------+-----+--------+
         Total |   2309 |   2164 |    145 |    210 |   1658 |   3 |  769.7 |
       Dungeon |   2309 |   2164 |    145 |    210 |   1658 |   3 |  769.7 |
               +--------+--------+--------+--------+--------+-----+--------+

Top non-repeatable levels by time:
     D:1: 967 daAuts
     D:2: 958 daAuts
     D:3: 384 daAuts
